| TOP OF THE 1ST |
|
Lansing Lugnuts batting - Pitching for Bowling Green Hot Rods : LHP Frank Rodriguez
|
|
Pitching: LHP Frank Rodriguez
|
|
|
Batting: RHB Brock Van Gilder
|
0-0: Ball 1-0: Called Strike 1-1: Ball 2-1: SINGLE (Groundball, 3D, EV 101.9 MPH)
|
|
Batting: RHB Frank Caulfield
|
0-0: Called Strike Brock Van Gilder steals 2nd, throwing error, E2 Brock Van Gilder to third 0-1: Ball 1-1: Ball 2-1: Ball 3-1: Called Strike 3-2: Foul Ball, location: 2F 3-2: Ground out 3-1 (Groundball, 34, EV 83.8 MPH) Brock Van Gilder scores
|
|
Batting: RHB Wade Diamond
|
0-0: Called Strike 0-1: Foul Ball, location: 2F 0-2: Strikes out looking
|
|
Batting: RHB Chris Martin
|
0-0: Called Strike 0-1: Ground out 6-3 (Groundball, 56D, EV 101.2 MPH)
|
| Top of the 1st over - 1 run, 1 hit, 1 error, 0 left on base; Lansing 1 - Bowling Green 0 |
| BOTTOM OF THE 1ST |
|
Bowling Green Hot Rods batting - Pitching for Lansing Lugnuts : RHP Omar Torres
|
|
Pitching: RHP Omar Torres
|
|
|
Batting: RHB Chris Thorson
|
0-0: Called Strike 0-1: Ball 1-1: Ball 2-1: Ground out 6-3 (Groundball, 56, EV 106.9 MPH)
|
|
Batting: LHB Harris Vink
|
0-0: Ball 1-0: Ball 2-0: SINGLE (Line Drive, 8RS, EV 95.6 MPH)
|
|
Batting: LHB Darryl Gonnella
|
0-0: Fly out, F8 (Line Drive, 89D, EV 92.5 MPH)
|
|
Batting: RHB Adam Kaeser
|
0-0: Called Strike 0-1: Ball 1-1: SINGLE (Groundball, 6MD, EV 107.5 MPH) Harris Vink to second
|
|
Batting: RHB Jose Arriola
|
0-0: Ball 1-0: Foul Ball, location: 2F 1-1: Ball 2-1: Ball 3-1: Foul Ball, location: 2F 3-2: Fly out, F8 (Flyball, 8RXD, EV 90.0 MPH)
|
| Bottom of the 1st over - 0 runs, 2 hits, 0 errors, 2 left on base; Lansing 1 - Bowling Green 0 |
| TOP OF THE 2ND |
|
Lansing Lugnuts batting - Pitching for Bowling Green Hot Rods : LHP Frank Rodriguez
|
|
Batting: RHB Dylan Phillips
|
0-0: Called Strike 0-1: Foul Ball, location: 2F 0-2: Strikes out swinging
|
|
Batting: SHB Ryan Chicoine
|
0-0: Called Strike 0-1: Ball 1-1: Ball 2-1: Foul Ball, location: 2F 2-2: Foul Ball, location: 2F 2-2: Foul Ball, location: 2F 2-2: Foul Ball, location: 2F 2-2: Hit by Pitch
|
|
Batting: RHB Luis Reyes
|
0-0: Ball 1-0: Foul Ball, location: 2F 1-1: Foul Ball, location: 2F 1-2: Ball 2-2: Ball 3-2: Foul Ball, location: 2F 3-2: Fly out, F9 (Flyball, 89S, EV 94.4 MPH)
|
|
Batting: LHB Aaron Caron
|
0-0: Ball 1-0: Called Strike 1-1: Ball 2-1: Foul Ball, location: 2F 2-2: Ball 3-2: Foul Ball, location: 2F 3-2: Foul Ball, location: 2F 3-2: Hit by Pitch Ryan Chicoine to second
|
|
Batting: LHB Roger Escareno
|
0-0: Called Strike 0-1: Fielders Choice at 2nd, 6-4 (Groundball, 6, EV 80.6 MPH)
|
| Top of the 2nd over - 0 runs, 0 hits, 0 errors, 2 left on base; Lansing 1 - Bowling Green 0 |
| BOTTOM OF THE 2ND |
|
Bowling Green Hot Rods batting - Pitching for Lansing Lugnuts : RHP Omar Torres
|
|
Batting: RHB Kunizo Yanagisawa
|
0-0: Fly out, F8 (Flyball, 89D, EV 105.6 MPH)
|
|
Batting: RHB Eric Waugaman
|
0-0: Ball 1-0: Called Strike 1-1: Ball 2-1: Foul Ball, location: 2F 2-2: Ball 3-2: Ground out U3 (Groundball, 3, EV 83.8 MPH)
|
|
Batting: LHB Jeremy Burton
|
0-0: Called Strike 0-1: Ball 1-1: Swinging Strike 1-2: Ground out 4-3 (Groundball, 4, EV 84.4 MPH)
|
| Bottom of the 2nd over - 0 runs, 0 hits, 0 errors, 0 left on base; Lansing 1 - Bowling Green 0 |
| TOP OF THE 3RD |
|
Lansing Lugnuts batting - Pitching for Bowling Green Hot Rods : LHP Frank Rodriguez
|
|
Batting: RHB Brock Van Gilder
|
0-0: Called Strike 0-1: Swinging Strike 0-2: Strikes out swinging
|
|
Batting: RHB Frank Caulfield
|
0-0: Ball 1-0: Ball 2-0: Foul Ball, location: 2F 2-1: Ground out U3 (Groundball, 34, EV 83.8 MPH)
|
|
Batting: RHB Wade Diamond
|
0-0: Ground out 6-3 (Groundball, 6, EV 106.2 MPH)
|
| Top of the 3rd over - 0 runs, 0 hits, 0 errors, 0 left on base; Lansing 1 - Bowling Green 0 |
| BOTTOM OF THE 3RD |
|
Bowling Green Hot Rods batting - Pitching for Lansing Lugnuts : RHP Omar Torres
|
|
Batting: RHB Dusty Camelli
|
0-0: Ball 1-0: Foul Ball, location: 2F 1-1: Called Strike 1-2: Strikes out swinging
|
|
Batting: RHB Chris Thorson
|
0-0: Called Strike 0-1: SINGLE (Groundball, 56D, EV 108.8 MPH)
|
|
Batting: LHB Harris Vink
|
0-0: Ball Chris Thorson is caught stealing 2nd base 2-6 1-0: Called Strike 1-1: Called Strike 1-2: Strikes out swinging
|
| Bottom of the 3rd over - 0 runs, 1 hit, 0 errors, 0 left on base; Lansing 1 - Bowling Green 0 |
| TOP OF THE 4TH |
|
Lansing Lugnuts batting - Pitching for Bowling Green Hot Rods : LHP Frank Rodriguez
|
|
Batting: RHB Chris Martin
|
0-0: Foul Ball, location: 2F 0-1: DOUBLE (Line Drive, 8LXD, EV 110.0 MPH)
|
|
Batting: RHB Dylan Phillips
|
0-0: Ball 1-0: Foul Ball, location: 2F 1-1: Called Strike 1-2: Ball 2-2: Ground out 3-1 (Groundball, 34, EV 87.5 MPH) Chris Martin to third
|
|
Batting: SHB Ryan Chicoine
|
0-0: Swinging Strike 0-1: Called Strike 0-2: Foul Ball, location: 2F 0-2: Strikes out swinging
|
|
Batting: RHB Luis Reyes
|
0-0: Foul Ball, location: 2F 0-1: Ball Wild Pitch! Chris Martin scores 1-1: Swinging Strike 1-2: Ground out 6-3 (Groundball, 6, EV 82.5 MPH)
|
| Top of the 4th over - 1 run, 1 hit, 0 errors, 0 left on base; Lansing 2 - Bowling Green 0 |
| BOTTOM OF THE 4TH |
|
Bowling Green Hot Rods batting - Pitching for Lansing Lugnuts : RHP Omar Torres
|
|
Batting: LHB Darryl Gonnella
|
0-0: Ball 1-0: Ball 2-0: Swinging Strike 2-1: Foul Ball, location: 2F 2-2: Strikes out swinging
|
|
Batting: RHB Adam Kaeser
|
0-0: Ball 1-0: Swinging Strike 1-1: Foul Ball, location: 2F 1-2: Ball 2-2: Foul Ball, location: 2F 2-2: Fly out, F4 (Popup, 3D, EV 60.6 MPH)
|
|
Batting: RHB Jose Arriola
|
0-0: Ball 1-0: Ball 2-0: Ground out 1-4-3 (Groundball, 15S, EV 105.6 MPH)
|
| Bottom of the 4th over - 0 runs, 0 hits, 0 errors, 0 left on base; Lansing 2 - Bowling Green 0 |
| TOP OF THE 5TH |
|
Lansing Lugnuts batting - Pitching for Bowling Green Hot Rods : LHP Frank Rodriguez
|
|
Batting: LHB Aaron Caron
|
0-0: Ball 1-0: Called Strike 1-1: Swinging Strike 1-2: Foul Ball, location: 2F 1-2: Strikes out looking
|
|
Batting: LHB Roger Escareno
|
0-0: Fly out, F7 (Flyball, 78M, EV 85.6 MPH)
|
|
Batting: RHB Brock Van Gilder
|
0-0: Foul Ball, location: 2F 0-1: Ball 1-1: Foul Ball, location: 2F 1-2: Ball 2-2: Ball 3-2: Foul Ball, location: 2F 3-2: Foul Ball, location: 2F 3-2: SINGLE (Groundball, 56D, EV 96.9 MPH)
|
|
Batting: RHB Frank Caulfield
|
0-0: Ball 1-0: SINGLE (Line Drive, 7LS, EV 98.1 MPH) Brock Van Gilder to second
|
|
Batting: RHB Wade Diamond
|
0-0: Called Strike 0-1: Fielders Choice at 2nd, 5-4 (Groundball, 5L, EV 80.6 MPH)
|
| Top of the 5th over - 0 runs, 2 hits, 0 errors, 2 left on base; Lansing 2 - Bowling Green 0 |
| BOTTOM OF THE 5TH |
|
Bowling Green Hot Rods batting - Pitching for Lansing Lugnuts : RHP Omar Torres
|
|
Batting: RHB Kunizo Yanagisawa
|
0-0: Foul Ball, location: 2F 0-1: Ball 1-1: Ground out 5-3 (Groundball, 56, EV 86.2 MPH)
|
|
Batting: RHB Eric Waugaman
|
0-0: Ball 1-0: Called Strike 1-1: Foul Ball, location: 2F 1-2: Foul Ball, location: 2F 1-2: Foul Ball, location: 2F 1-2: Strikes out looking
|
|
Batting: LHB Jeremy Burton
|
0-0: Called Strike 0-1: Ball 1-1: Ground out 1-3 (Groundball, 25, EV 63.8 MPH)
|
| Bottom of the 5th over - 0 runs, 0 hits, 0 errors, 0 left on base; Lansing 2 - Bowling Green 0 |
| TOP OF THE 6TH |
|
Lansing Lugnuts batting - Pitching for Bowling Green Hot Rods : LHP Frank Rodriguez
|
|
Batting: RHB Chris Martin
|
0-0: Foul Ball, location: 2F 0-1: Swinging Strike 0-2: Ball 1-2: Ball 2-2: Foul Ball, location: 2F 2-2: Ground out 5-3 (Groundball, 56, EV 108.1 MPH)
|
|
Batting: RHB Dylan Phillips
|
0-0: Called Strike 0-1: Foul Ball, location: 2F 0-2: Ball 1-2: Ground out 6-3 (Groundball, 6, EV 84.4 MPH)
|
|
Batting: SHB Ryan Chicoine
|
0-0: Called Strike 0-1: Ball 1-1: Ball 2-1: Foul Ball, location: 2F 2-2: Ball 3-2: SINGLE (Groundball, 3D, EV 93.8 MPH)
|
|
Pitching: RHP Takamori Sugahara
|
|
|
Batting: RHB Luis Reyes
|
0-0: Ball 1-0: Called Strike Ryan Chicoine steals 2nd base 1-1: Foul Ball, location: 2F 1-2: Strikes out looking
|
| Top of the 6th over - 0 runs, 1 hit, 0 errors, 1 left on base; Lansing 2 - Bowling Green 0 |
| BOTTOM OF THE 6TH |
|
Bowling Green Hot Rods batting - Pitching for Lansing Lugnuts : RHP Omar Torres
|
|
Batting: RHB Dusty Camelli
|
0-0: Called Strike 0-1: Ground out 5-3 (Groundball, 5, EV 87.5 MPH)
|
|
Batting: RHB Chris Thorson
|
0-0: Ball 1-0: Ball 2-0: Ball 3-0: Foul Ball, location: 2F 3-1: Base on Balls
|
|
Batting: LHB Harris Vink
|
0-0: Ball 1-0: Foul Ball, location: 2F 1-1: Foul Ball, location: 2F 1-2: DOUBLE (Line Drive, 78D, EV 107.5 MPH) Chris Thorson to third Runner from 3rd tries for Home, SAFE, throw by CF to home
|
|
Batting: LHB Darryl Gonnella
|
0-0: Called Strike 0-1: Ground out 6-3 (Groundball, 6, EV 81.9 MPH) Harris Vink to third
|
|
Batting: RHB Adam Kaeser
|
0-0: Ball 1-0: Swinging Strike 1-1: Ball 2-1: Called Strike 2-2: Ball 3-2: Base on Balls
|
|
Batting: RHB Jose Arriola
|
0-0: Ground out 5-3 (Groundball, 56S, EV 86.2 MPH)
|
| Bottom of the 6th over - 1 run, 1 hit, 0 errors, 2 left on base; Lansing 2 - Bowling Green 1 |
| TOP OF THE 7TH |
|
Lansing Lugnuts batting - Pitching for Bowling Green Hot Rods : RHP Takamori Sugahara
|
|
Batting: LHB Aaron Caron
|
0-0: Ball 1-0: Ball 2-0: Swinging Strike 2-1: Ball 3-1: Base on Balls
|
|
Batting: LHB Roger Escareno
|
0-0: Bunt missed! 0-1: Ball 1-1: Ball 2-1: Bunted foul 2-2: Foul Ball, location: 2F 2-2: Foul Ball, location: 2F 2-2: Ball 3-2: Strikes out swinging Aaron Caron steals 2nd base Batter strikes out.
|
|
Batting: RHB Brock Van Gilder
|
0-0: Ball 1-0: SINGLE (Groundball, 56D, EV 98.8 MPH) Aaron Caron to third Runner from 3rd tries for Home, SAFE, throw by LF to home
|
|
Batting: RHB Frank Caulfield
|
0-0: Fly out, F4 (Popup, 13S, EV 88.1 MPH)
|
|
Batting: RHB Wade Diamond
|
0-0: Ball Brock Van Gilder steals 2nd base 1-0: Called Strike 1-1: Swinging Strike 1-2: Strikes out swinging
|
| Top of the 7th over - 1 run, 1 hit, 0 errors, 1 left on base; Lansing 3 - Bowling Green 1 |
| BOTTOM OF THE 7TH |
|
Bowling Green Hot Rods batting - Pitching for Lansing Lugnuts : RHP Omar Torres
|
|
Batting: RHB Kunizo Yanagisawa
|
0-0: Foul Ball, location: 2F 0-1: Ball 1-1: Ball 2-1: Foul Ball, location: 2F 2-2: Strikes out swinging
|
|
Batting: RHB Eric Waugaman
|
0-0: Ground out 5-3 (Groundball, 56, EV 81.2 MPH)
|
|
Batting: LHB Jeremy Burton
|
0-0: Foul Ball, location: 2F 0-1: Foul Ball, location: 2F 0-2: Strikes out swinging
|
| Bottom of the 7th over - 0 runs, 0 hits, 0 errors, 0 left on base; Lansing 3 - Bowling Green 1 |
| TOP OF THE 8TH |
|
Lansing Lugnuts batting - Pitching for Bowling Green Hot Rods : RHP Takamori Sugahara
|
|
Batting: RHB Chris Martin
|
0-0: Foul Ball, location: 2F 0-1: Called Strike 0-2: Ball 1-2: SINGLE (Line Drive, 56, EV 98.8 MPH)
|
|
Batting: RHB Dylan Phillips
|
0-0: Ball Chris Martin steals 2nd base 1-0: Fly out, F9 (Flyball, 9D, EV 95.0 MPH) Runner from 2nd tags up, SAFE at 3rd, no throw by RF
|
|
Batting: SHB Ryan Chicoine
|
0-0: Ground out 5-3 (Groundball, 56, EV 91.9 MPH) Chris Martin scores
|
|
Batting: RHB Luis Reyes
|
0-0: Foul Ball, location: 2F 0-1: DOUBLE (Flyball, 8RXD, EV 108.1 MPH)
|
|
Batting: LHB Aaron Caron
|
0-0: Ball 1-0: Foul Ball, location: 2F 1-1: Ground out 4-3 (Groundball, 4, EV 105.0 MPH)
|
| Top of the 8th over - 1 run, 2 hits, 0 errors, 1 left on base; Lansing 4 - Bowling Green 1 |
| BOTTOM OF THE 8TH |
|
Bowling Green Hot Rods batting - Pitching for Lansing Lugnuts : RHP Omar Torres
|
|
Batting: RHB Dusty Camelli
|
0-0: Ground out 5-3 (Groundball, 56S, EV 81.2 MPH)
|
|
Batting: RHB Chris Thorson
|
0-0: Ball 1-0: Foul Ball, location: 2F 1-1: Called Strike 1-2: Ground out 4-3 (Groundball, 4S, EV 82.5 MPH)
|
|
Batting: LHB Harris Vink
|
0-0: Called Strike 0-1: Ball 1-1: Ball 2-1: Foul Ball, location: 2F 2-2: Strikes out swinging
|
| Bottom of the 8th over - 0 runs, 0 hits, 0 errors, 0 left on base; Lansing 4 - Bowling Green 1 |
| TOP OF THE 9TH |
|
Lansing Lugnuts batting - Pitching for Bowling Green Hot Rods : RHP Takamori Sugahara
|
|
Pitching: RHP Cody Wilharm
|
|
|
Batting: LHB Roger Escareno
|
0-0: Ball 1-0: Called Strike 1-1: Ground out 4-3 (Groundball, 4S, EV 81.9 MPH)
|
|
Batting: RHB Brock Van Gilder
|
0-0: Ground out 5-3 (Groundball, 56S, EV 91.9 MPH)
|
|
Batting: RHB Frank Caulfield
|
0-0: Foul Ball, location: 2F 0-1: Ball 1-1: Ball 2-1: Ground out 6-3 (Groundball, 6, EV 83.8 MPH)
|
| Top of the 9th over - 0 runs, 0 hits, 0 errors, 0 left on base; Lansing 4 - Bowling Green 1 |
| BOTTOM OF THE 9TH |
|
Bowling Green Hot Rods batting - Pitching for Lansing Lugnuts : RHP Omar Torres
|
|
Pitching: RHP Aaron Linkous
|
|
|
Batting: LHB Darryl Gonnella
|
0-0: Ball 1-0: Ball 2-0: Called Strike 2-1: Foul Ball, location: 2F 2-2: Strikes out looking
|
|
Batting: RHB Adam Kaeser
|
0-0: Ball 1-0: Foul Ball, location: 2F 1-1: Called Strike 1-2: Strikes out swinging
|
|
Batting: RHB Jose Arriola
|
0-0: Called Strike 0-1: Swinging Strike 0-2: Strikes out looking
|
| Bottom of the 9th over - 0 runs, 0 hits, 0 errors, 0 left on base; Lansing 4 - Bowling Green 1 |
|